 Dungeon Crawl Stone Soup version 0.29-a0-380-gf50f0a9fbc (webtiles) character file.

Game seed: 8393471158898023875

13417 benadryl the Grappler (level 11, -7/113 HPs)
             Began as a Troll Warper on May 5, 2022.
             Was an Elder of Makhleb.
             Mangled by a two-headed ogre
             ... wielding a +0 giant spiked club
              (17 damage)
             ... on level 11 of the Dungeon.
             The game lasted 00:22:31 (11344 turns).

benadryl the Grappler (Troll Warper)               Turns: 11344, Time: 00:22:32

Health: -7/113     AC: 11    Str: 25    XL:     11   Next: 75%
Magic:  16/16      EV:  8    Int:  9    God:    Makhleb [****..]
Gold:   2772       SH:  7    Dex:  9    Spells: 10/12 levels left

rFire   . . .      SeeInvis .     - Unarmed
rCold   . . .      Faith    +   y - +0 kite shield
rNeg    . . .      Spirit   .   K - +0 acid dragon scales
rPois   +          Reflect  .   (helmet restricted)
rElec   .          Harm     .   u - +2 cloak {Will+}
rCorr   +          Rampage  .   (gloves unavailable)
Will    +....                   (boots unavailable)
Stlth   +.........              r - amulet of faith
HPRegen 1.08/turn               m - ring of poison resistance
MPRegen 0.15/turn               p - ring of wizardry

@: no status effects
A: large, unfitting armour, claws 3, regeneration 1, shaggy fur 1, tough skin 1
a: Renounce Religion, Minor Destruction, Lesser Servant of Makhleb, Major
Destruction


You were on level 11 of the Dungeon.
You worshipped Makhleb.
Makhleb was greatly pleased with you.
You visited 2 branches of the dungeon, and saw 12 of its levels.
You also visited: Bailey.

You collected 2772 gold pieces.

Inventory:

Hand Weapons
 a - a +1 demon whip of venom
 w - a +1 giant spiked club
Missiles
 c - 5 boomerangs of dispersal
 k - 41 poisoned darts
 n - 4 throwing nets
 s - 11 boomerangs (quivered)
Armour
 u - a +2 cloak of willpower (worn)
 x - a +0 troll leather armour
 y - a +0 kite shield (worn)
 K - +0 acid dragon scales (worn)
Jewellery
 m - a ring of poison resistance (left claw)
 p - a ring of wizardry (right claw)
 r - an amulet of faith (around neck)
 z - an amulet of magic regeneration
Wands
 i - a wand of polymorph (8)
 C - a wand of flame (4)
 E - a wand of acid (2)
 F - a wand of iceblast (11)
Scrolls
 b - 3 scrolls of blinking
 g - 2 scrolls of immolation
 l - a scroll of enchant armour
 B - a scroll of fog
 D - 2 scrolls of teleportation
 J - 3 scrolls of identify {@r1}
Potions
 d - 2 potions of magic
 e - a potion of berserk rage {unknown}
 f - 4 potions of curing {@q1}
 h - 2 potions of might
 j - 2 potions of cancellation {unknown}
 o - 5 potions of lignification
 q - a potion of haste {unknown}
 t - 3 potions of attraction
 v - 3 potions of heal wounds {unknown}
 A - 3 potions of resistance {unknown}
 G - 5 potions of flight
Miscellaneous
 H - a condenser vane
 I - a phial of floods


   Skills:
 + Level 8.4 Fighting
 - Level 0.8 Throwing
 - Level 1.9 Dodging
 + Level 3.0 Shields
 + Level 13.4 Unarmed Combat
 - Level 1.2 Spellcasting
 - Level 2.1 Translocations
 * Level 8.0 Invocations


You had 10 spell levels left.
You knew the following spells:

 Your Spells              Type           Power      Damage    Failure   Level
a - Blink                 Tloc           8%         N/A       26%         2

Your spell library contained the following spells:

 Spells                   Type           Power      Damage    Failure   Level
 Animate Skeleton         Necr           0%         N/A       38%         1
 Magic Dart               Conj           0%         1d3       38%         1
 Pain                     Necr           0%         1d4       38%         1
 Gell's Gravitas          Tloc           4%         N/A       45%         3
 Lesser Beckoning         Tloc           4%         N/A       45%         3
 Teleport Other           Tloc           4%         N/A       45%         3
 Searing Ray              Conj           0%         2d4       52%         2
 Static Discharge         Conj/Air       0%         N/A       52%         2
 Tukima's Dance           Hex            0%         N/A       75%         3
 Vampiric Draining        Necr           0%         2d6       75%         3
 Passage of Golubria      Tloc           4%         N/A       83%         4
 Dispel Undead            Necr           0%         3d6       98%         4
 Fulminant Prism          Conj/Hex       0%         3d6       98%         4
 Sticky Flame             Conj/Fire      0%         2d3       98%         4
 Manifold Assault         Tloc           4%         N/A       99%         5
 Yara's Violent Unravell  Hex/Tmut       0%         3d3       100%        5


Dungeon Overview and Level Annotations

Branches:
Dungeon (11/15)            Temple (1/1) D:5            Lair (0/6) D:11
    Orc (0/2) D:9          Bailey (visited)

Altars:
Ashenzari
Fedhas
Gozag
Makhleb
Nemelex Xobeh
Okawaru
Qazlal
Trog
Wu Jian
Zin
The Shining One


Innate Abilities, Weirdness & Mutations

You are too large for most types of armour.
You have claws for hands.
Your natural rate of healing is unusually fast.
You are covered in fur. (AC +1)
You have tough skin. (AC +1)


Message History

The orb spider changes into a glowing orange brain!
You mangle the two-headed ogre!!
The two-headed ogre is heavily wounded.
You block the two-headed ogre's attack. The two-headed ogre closely misses you.
You scratch the two-headed ogre.
The two-headed ogre is severely wounded.
The glowing orange brain pulsates.
You are confused.
A fire giant comes into view.
It is wielding a +1 great sword of flaming.
You closely miss the two-headed ogre.
The two-headed ogre is severely wounded.
The two-headed ogre hits you with a +0 giant spiked club!!
The two-headed ogre hits you with a +0 dire flail.
You claw the two-headed ogre!
The two-headed ogre is severely wounded.
You're too confused to move!
The glowing orange brain changes into a swamp worm!
The two-headed ogre completely misses you.
The two-headed ogre barely misses you.
You closely miss the two-headed ogre.
The two-headed ogre is severely wounded.
The two-headed ogre barely misses you.
The two-headed ogre hits you with a +0 dire flail!!
You barely miss the two-headed ogre.
The two-headed ogre is severely wounded.
You bump into the tree.
You feel less confused.
The two-headed ogre hits you with a +0 giant spiked club!!
You block the two-headed ogre's attack.
The two-headed ogre attacks as you move away!
The two-headed ogre hits you with a +0 giant spiked club!!
* * * LOW HITPOINT WARNING * * *
The two-headed ogre hits you with a +0 dire flail!!
* * * LOW HITPOINT WARNING * * *
Okay, then.
You feel better.
The two-headed ogre attacks as you move away!
You block the two-headed ogre's attack.
The two-headed ogre hits you with a +0 dire flail!
You die...

#♣♣♣...(.....♣♣♣#########
#.......).......
#♣♣♣.........♣♣♣
♣♣♣♣♣.♣♣♣♣♣ #.# ..
♣♣♣♣♣.♣♣♣♣♣♣♣ #.♣
♣...........♣ #.♣
♣.♣♣♣♣♣♣♣♣♣.♣ #.♣
♣.♣Cw.O@..♣ #.♣
♣.♣.####♣.♣ #.♣♣♣.# ♣.♣.#
♣.♣ #...(.# ♣.♣w# ♣.♣
.O.♣ ♣.♣C# ♣.♣ #.....#
♣)♣.. ♣.♣ #.♣♣♣.# ♣†♣##
♣.♣ #.♣ ♣.♣♣♣♣♣♣♣.♣ #.♣
♣..†......♣


You could see a fire giant, a two-headed ogre and a swamp worm shaped shifter.

Vanquished Creatures
  A hydra (D:11)
  2 two-headed ogres (D:10)
  Amaemon (D:7)
  2 cyclopes (D:11)
  A manticore (D:11)
  An ugly thing (D:11)
  An orange demon (D:8)
  3 trolls
  A hornet (D:10)
  Prince Ribbit (D:8)
  Grinder (D:3)
  Sigmund (D:4)
  A shadow (D:10)
  A wyvern (D:9)
  5 yaks (D:10)
  A steam dragon (D:8)
  Menkaure (D:7)
  An acid dragon (D:10)
  A water moccasin (D:6)
  Edmund (D:3)
  Duvessa (D:4)
  An ice beast (D:5)
  13 orc warriors
  A sky beast (D:7)
  2 black bears
  3 centaurs
  2 ogres (D:4)
  2 kobold brigands
  5 bullfrogs
  A scorpion (D:6)
  A necrophage (D:6)
  A gnoll sergeant (D:7)
  6 wights
  Dowan (D:4)
  26 killer bees
  6 howler monkeys
  2 gnoll shamans
  2 hounds
  6 jellies
  6 orc priests
  Crazy Yiuf (D:3)
  An iguana (D:7)
  4 orc wizards
  Natasha (thrice) (D:2)
  Robin (D:3)
  20 gnolls
  7 adders
  3 white imps
  2 ufetubi
  A worm (D:2)
  2 dart slugs
  39 orcs
  5 bats
  8 endoplasms
  5 giant cockroaches
  11 hobgoblins
  8 jackals (D:2)
  7 quokkas
  12 ball pythons
  5 frilled lizards
  14 goblins
  27 kobolds
  6 rats
308 creatures vanquished.

Vanquished Creatures (collateral kills)
  A boulder beetle (D:10)
  An orc wizard (D:11)
  An orc (D:11)
3 creatures vanquished.

Vanquished Creatures (others)
  An unseen horror (D:11)
  A centaur (D:11)
  A fungus (D:1)
3 creatures vanquished.

Grand Total: 314 creatures vanquished

Notes
Turn   | Place    | Note
-------+----------+-------------------------------------------
     0 | D:1      | benadryl the Troll Warper began the quest for the Orb.
     0 | D:1      | Reached XP level 1. HP: 19/19 MP: 1/1
   155 | D:1      | Found a faded altar of an unknown god.
   164 | D:1      | Reached XP level 2. HP: 28/28 MP: 2/2
   749 | D:1      | Reached skill level 3 in Unarmed Combat
   912 | D:2      | Reached XP level 3. HP: 31/35 MP: 3/3
   943 | D:2      | Reached XP level 4. HP: 38/44 MP: 4/4
  1157 | D:2      | Reached skill level 4 in Unarmed Combat
  1194 | D:2      | Noticed Natasha
  1202 | D:2      | Killed Natasha
  1346 | D:2      | Noticed Natasha
  1353 | D:2      | Killed Natasha
  1354 | D:2      | Reached XP level 5. HP: 52/52 MP: 5/5
  1431 | D:2      | Noticed Natasha
  1442 | D:2      | Killed Natasha
  1755 | D:2      | Reached skill level 5 in Unarmed Combat
  2044 | D:3      | Learned a level 2 spell: Blink
  2087 | D:3      | Reached XP level 6. HP: 46/61 MP: 2/6
  2093 | D:3      | Noticed Robin
  2103 | D:3      | Killed Robin
  2268 | D:3      | You fall into a shaft and drop 1 floor!
  2312 | D:4      | Noticed Duvessa
  2312 | D:4      | Noticed Dowan
  2314 | D:4      | Noticed Sigmund
  2315 | D:4      | Noticed Edmund
  2338 | D:3      | Noticed Grinder
  2351 | D:3      | Killed Grinder
  2352 | D:3      | Reached skill level 6 in Unarmed Combat
  2578 | D:3      | Found a runed translucent door.
  2579 | D:3      | Noticed Crazy Yiuf
  2640 | D:3      | Killed Crazy Yiuf
  2641 | D:3      | Reached XP level 7. HP: 68/68 MP: 4/7
  2960 | D:3      | Killed Edmund
  3162 | D:4      | Killed Sigmund
  3163 | D:4      | Reached skill level 7 in Unarmed Combat
  3176 | D:4      | Killed Duvessa
  3184 | D:4      | HP: 3/71 [poisoned by Dowan]
  3186 | D:4      | Killed Dowan
  3455 | D:4      | Reached XP level 8. HP: 78/79 MP: 8/8
  3550 | D:4      | Reached skill level 8 in Unarmed Combat
  3603 | D:4      | Reached skill level 5 in Fighting
  3904 | D:5      | Entered Level 5 of the Dungeon
  4007 | D:5      | Found a staircase to the Ecumenical Temple.
  4071 | Temple   | Entered the Ecumenical Temple
  4203 | Temple   | Became a worshipper of Makhleb the Destroyer
  4336 | D:5      | Reached skill level 9 in Unarmed Combat
  4336 | D:5      | Reached skill level 1 in Invocations
  4794 | D:6      | Reached * piety under Makhleb
  4867 | D:6      | Reached XP level 9. HP: 84/89 MP: 9/9
  5142 | D:6      | Reached skill level 10 in Unarmed Combat
  5962 | D:7      | Found a broken altar of Ashenzari.
  6069 | D:7      | Noticed Menkaure
  6075 | D:7      | Killed Menkaure
  6103 | D:7      | Noticed a troll
  6112 | D:7      | Killed a troll
  6538 | D:7      | Reached ** piety under Makhleb
  6977 | D:8      | Reached skill level 11 in Unarmed Combat
  6982 | D:8      | Noticed Prince Ribbit
  7067 | D:8      | Killed Prince Ribbit
  7068 | D:8      | Reached XP level 10. HP: 58/100 MP: 12/12
  7212 | D:8      | Reached *** piety under Makhleb
  7269 | D:8      | Noticed an orange demon
  7271 | D:8      | Noticed Amaemon
  7301 | D:7      | Killed Amaemon
  7359 | D:8      | Killed an orange demon
  7389 | D:8      | Found a flagged portal.
  7398 | Bailey   | Entered a bailey
  7531 | Bailey   | Reached skill level 5 in Invocations
  7625 | Bailey   | Reached skill level 12 in Unarmed Combat
  8077 | D:8      | Identified a scroll of acquirement
  8077 | D:8      | Acquired 1070 gold pieces
  8089 | D:8      | Reached **** piety under Makhleb
  8931 | D:9      | Found a staircase to the Orcish Mines.
  9318 | D:10     | Entered Level 10 of the Dungeon
  9359 | D:10     | Reached XP level 11. HP: 66/110 MP: 14/14
  9417 | D:10     | Noticed a two-headed ogre
  9464 | D:10     | Killed a two-headed ogre
  9465 | D:10     | Reached skill level 1 in Shields
  9468 | D:10     | Reached skill level 13 in Unarmed Combat
  9913 | D:10     | Noticed a two-headed ogre
  9923 | D:10     | Killed a two-headed ogre
 10440 | D:11     | Noticed a two-headed ogre
 10441 | D:11     | Noticed a two-headed ogre
 10598 | D:11     | Noticed a boulder beetle
 10724 | D:10     | Killed a boulder beetle
 11073 | D:11     | Noticed a four-headed hydra
 11080 | D:11     | Killed a four-headed hydra
 11089 | D:11     | Found a staircase to the Lair.
 11298 | D:11     | Noticed a white ugly thing
 11302 | D:11     | Killed a white ugly thing
 11328 | D:11     | Noticed a two-headed ogre
 11328 | D:11     | Noticed a wolf spider
 11329 | D:11     | Noticed an orb spider
 11329 | D:11     | a wolf spider changed into an orb spider
 11330 | D:11     | Noticed a glowing orange brain
 11330 | D:11     | an orb spider changed into a glowing orange brain
 11332 | D:11     | Noticed a fire giant
 11335 | D:11     | a glowing orange brain changed into a swamp worm
 11341 | D:11     | HP: 2/113 [two-headed ogre/+0 giant spiked club (23)]
 11344 | D:11     | Mangled by a two-headed ogre

Illustrated notes

Levels and vault maps discovered:
D:1:      eino_arrival_druids_welcome, layout_basic,
          dreamdust_ecumenical_altar_grove
D:2:      layout_rooms, bh_walls_and_bars, uniq_natasha
D:3:      layout_loops_ring, uniq_crazy_yiuf_cottage, uniq_robin, uniq_grinder
D:4:      layout_basic, minmay_surrounded, uniq_edmund, uniq_duvessa,
          uniq_sigmund
D:5:      layout_gridville, minmay_temple_entry_junction
D:6:      layout_layer_cave
D:7:      layout_gridville, ashenzari_conservatory_becter, uniq_menkaure
D:8:      layout_cave_pools, enter_bailey_3, chequers_serial_rivers_small_3,
          minmay_misc_feat_diagonals, uniq_amaemon, uniq_prince_ribbit1
D:9:      layout_gridville, orc_0_dummy, serial_glass, glass_columns_c,
          glass_columns_c, glass_columns_b, item_on_display_b,
          due_unseen_surprise
D:10:     layout_cave_pods, corexii_checkpoint_b
D:11:     nzn_winding_woodlands_cross
          [nzn_winding_woodlands_5x15_river_crossing,
          nzn_winding_woodlands_5x15_concentric,
          nzn_winding_woodlands_5x15_sidewinder,
          nzn_winding_woodlands_5x15_default,
          nzn_winding_woodlands_15x15_boxy_spiral], layout_loops_corners,
          lair_entry_dummy, xom_confusion_cloud
Temple:   roderic_octagonal_lattice_temple

Skill      XL: |  1  2  3  4  5  6  7  8  9 10 11 |
---------------+----------------------------------+-----
Fighting       | 2 3 4 5 6 7 8 |  8.4
Unarmed Combat | 3 4 5 6 7 9 11 12 13 | 13.4
Invocations    | 2 4 6 8 |  8.0
Shields        | 3 |  3.0
Throwing       | |  0.8
Dodging        | |  1.9
Spellcasting   | |  1.2
Translocations | |  2.1

Action                   |  1- 3 |  4- 6 |  7- 9 | 10-12 || total
-------------------------+-------+-------+-------+-------++-------
Melee: Unarmed           |    74 |   207 |   329 |   323 ||   933
       Punch             |       |     6 |     8 |       ||    14
       Demon whip        |       |       |       |     3 ||     3
Throw: Boomerang         |       |     4 |     7 |    31 ||    42
       Dart              |       |     4 |       |       ||     4
 Cast: Blink             |       |     1 |       |     1 ||     2
Invok: Minor Destruction |       |       |       |     2 ||     2
       Lesser Servant of |       |       |       |     2 ||     2
       Major Destruction |       |       |       |     2 ||     2
Evoke: Wand              |       |       |       |     6 ||     6
  Use: Scroll            |       |     5 |     7 |     6 ||    18
       Potion            |       |       |     1 |     4 ||     5
 Stab: Sleeping          |     1 |       |       |       ||     1
Armor: Robe              |    16 |    92 |    57 |       ||   165
       Troll leather arm |       |       |   108 |   180 ||   288
       Acid dragon scale |       |       |       |     9 ||     9
Dodge: Dodged            |    35 |   139 |   182 |   191 ||   547
Block: Kite shield       |       |       |    62 |   134 ||   196

Table legend: (Time is in decaauts)
 A = Elapsed time spent in this place.
 B = Non-inter-level travel time spent in this place.
 C = Inter-level travel time spent in this place.
 D = Time resting spent in this place.
 E = Time spent auto-exploring this place.
 F = Levels seen in this place.
 G = Mean time per level.
                   A        B        C        D        E       F      G
               +--------+--------+--------+--------+--------+-----+--------+
         Total |  11318 |  10716 |    602 |   2347 |   5998 |  13 |  870.6 |
       Dungeon |  10778 |  10211 |    567 |   2284 |   5887 |  11 |  979.8 |
        Temple |    156 |    121 |     35 |      0 |    111 |   1 |  156.0 |
        Bailey |    383 |    383 |      0 |     63 |      0 |   1 |  383.0 |
               +--------+--------+--------+--------+--------+-----+--------+

Top non-repeatable levels by time:
    D:10: 1517 daAuts
     D:6: 1269 daAuts
     D:7: 1268 daAuts
     D:3: 1210 daAuts
     D:8: 1102 daAuts
     D:2: 1012 daAuts
     D:1: 833 daAuts
     D:4: 821 daAuts
     D:9: 703 daAuts
     D:5: 584 daAuts
    D:11: 456 daAuts
  Bailey: 383 daAuts
  Temple: 156 daAuts
